 Dungeon Crawl Stone Soup version 0.18.1-5-g4a78601 (webtiles) character file.

1571662 Christof the Minotaur Barricade (level 27, 281/281 HPs)
             Began as a Minotaur Fighter on May 8, 2016.
             Was the Champion of Okawaru.
             Escaped with the Orb
             ... and 3 runes on May 13, 2016!
             The game lasted 08:02:25 (89836 turns).

Christof the Minotaur Barricade (Minotaur Fighter) Turns: 89836, Time: 08:02:26

Health: 281/281    AC: 48    Str: 29 (30) XL:     27
Magic:  30/30      EV: 22    Int:  6      God:    Okawaru [******]
Gold:   5835       SH: 31    Dex: 20      Spells: 0 memorised, 26 levels left

rFire  + + +     SeeInvis +     t - +9 eveningstar (holy)
rCold  + + .     Gourm    .     N - +14 crystal plate armour
rNeg   + + .     Faith    +     y - +3 large shield {rC+ rF+}
rPois  +         Spirit   .     a - +2 hat {SInv}
rElec  .         Dismiss  .     D - +2 cloak of a labyrinth {MR+}
rCorr  +         Reflect  .     W - +0 pair of gloves "Ryilo" {rF+ rN+}
SustAt .         Harm     .     x - +2 pair of boots {run}
MR     ++++.     Rnd*Rage +     b - amulet "Badwor" {Faith rPois rN+ Stlth-}
Stlth  ..........               Q - ring "Heh Ifi" {Fire Str+3 Dex+6 SInv Stlth+}
                                j - ring "Zesure" {rCorr rF+ rC+ MR+ Stlth-}

@: quick, incredibly resistant to hostile enchantments, extremely unstealthy
A: retaliatory headbutt, hooves 1, horns 2, rugged brown scales 1, agile 1,
berserk 1, blink, cold resistance 1, deformed body, deterioration 2, dopey 1,
mutation resistance 1, weak 1
a: Blink, Heroism, Finesse, Renounce Religion
0: Orb of Zot
}: 3/15 runes: decaying, silver, gossamer


You escaped.
You worshipped Okawaru.
Okawaru was exalted by your worship.
You were not hungry.

You visited 14 branches of the dungeon, and saw 58 of its levels.

You collected 10512 gold pieces.
You spent 4677 gold pieces at shops.

Inventory:

Hand Weapons
 t - a +9 eveningstar of holy wrath (weapon)
 S - a +3 flail of venom
Missiles
 f - 25 tomahawks of returning
 v - 14 steel tomahawks
 A - 5 tomahawks of dispersal
 E - 31 tomahawks (quivered)
 H - 16 exploding tomahawks
Armour
 a - a +2 hat of see invisible (worn)
 x - a +2 pair of boots of running (worn)
 y - a +3 large shield of resistance (worn)
 D - the +2 cloak of a labyrinth (worn) {MR+}
   (Okawaru gifted it to you on level 1 of the Depths)

   It affects your resistance to hostile enchantments.
 N - a +14 crystal plate armour (worn)
 W - the +0 pair of gloves "Ryilo" (worn) {rF+ rN+}
   (You found it on level 5 of the Vaults)

   It protects you from fire.
   It protects you from negative energy.
Jewellery
 b - the amulet "Badwor" (around neck) {Faith rPois rN+ Stlth-}
   (You bought it in a shop on level 4 of the Dungeon)

   [amulet of faith]

   It allows you to gain divine favour quickly.
   It protects you from poison.
   It protects you from negative energy.
   It makes you less stealthy.
 h - a +2 ring of protection
 j - the ring "Zesure" (left hand) {rCorr rF+ rC+ MR+ Stlth-}
   (You bought it in a shop on level 1 of the Orcish Mines)

   [ring of resist corrosion]

   It protects you from fire.
   It protects you from cold.
   It affects your resistance to hostile enchantments.
   It makes you less stealthy.
 o - an uncursed ring of positive energy
 Q - the ring "Heh Ifi" (right hand) {Fire Str+3 Dex+6 SInv Stlth+}
   (You found it on level 4 of the Realm of Zot)

   [ring of fire]

   It enhances your fire magic, and weakens your ice magic.
   It affects your strength (+3).
   It affects your dexterity (+6).
   It protects you from fire.
   It makes you vulnerable to cold.
   It lets you see invisible.
   It makes you more stealthy.
 Z - the ring "Ifetauz" {Wiz Slay+5 Stlth-}
   (You bought it in a shop on level 4 of the Dungeon)

   [ring of wizardry]

   It improves your spell success rate.
   It affects your accuracy and damage with ranged weapons and melee attacks
   (+5).
   It makes you less stealthy.
Wands
 w - a wand of confusion (39/48)
 B - a wand of lightning (11/15)
 C - a wand of iceblast (15/15)
 F - a wand of flame (45/48)
 O - a wand of hasting (9/9)
 U - a wand of teleportation (6/9)
Scrolls
 e - 2 scrolls of recharging
 k - 2 scrolls of magic mapping
 m - 5 scrolls of holy word
 n - 13 scrolls of remove curse
 p - 11 scrolls of identify
 r - 10 scrolls of teleportation
 K - 3 scrolls of summoning
 M - 7 scrolls of blinking
Potions
 c - 5 potions of haste
 d - 2 potions of might
 q - 14 potions of curing
 s - 6 potions of agility
 G - 6 potions of cure mutation
 I - a potion of cancellation
 J - a potion of magic
 Y - 5 potions of flight
Comestibles
 g - 18 slices of pizza
 i - 29 bread rations
 l - 21 meat rations
 L - 5 royal jellies
 T - 30 fruits


   Skills:
 O Level 27 Fighting
 - Level 26.0 Maces & Flails
 - Level 7.0 Throwing
 - Level 22.0 Armour
 * Level 22.8 Dodging
 O Level 27 Shields
 + Level 11.3 Invocations
 + Level 2.6 Evocations


You had 26 spell levels left.
You didn't know any spells.

Dungeon Overview and Level Annotations

Branches:
Dungeon (15/15)            Temple (1/1) D:7            Lair (8/8) D:11
  Swamp (4/4) Lair:3       Spider (4/4) Lair:5        Slime (1/6) Lair:7
    Orc (2/2) D:10            Elf (3/3) Orc:2        Vaults (5/5) D:14
  Crypt (3/3) Vaults:2       Tomb (1/3) Crypt:3      Depths (5/5) D:15
   Hell (1/1)                 Zot (5/5) Depths:5
    Dis: Hell:1         Geh: Hell:1         Coc: Hell:1         Tar: Hell:1

Altars:
Ashenzari
Cheibriados
Dithmenos
Elyvilon
Fedhas
Gozag
Kikubaaqudgha
Makhleb
Nemelex Xobeh
Okawaru
Pakellas
Qazlal
Ru
Trog
Vehumet
Xom
Yredelemnul
Zin
The Shining One
Beogh

Shops:
D:2 *   D:4 %!:!=   D:5 :   D:9 [   D:10 }   D:11 :   D:12 *   D:15 ?   Orc:1 =
Orc:2 (:[*   Vaults:2 (**[   Vaults:4 [(:   Depths:4 *

Portals:
Hell: Depths:1 Depths:2 Depths:3 Depths:4 Depths:5
Abyss: Depths:1 Depths:4 Depths:5
Pandemonium: Depths:3
Ziggurat: Depths:5
Trove: D:12 (give 6 scrolls of blinking)

Annotations:
Depths:2 exclusion: ice statue
Hell Geryon


Innate Abilities, Weirdness & Mutations

You reflexively headbutt those who attack you in melee.
You have a pair of horns on your head.
You have large cloven feet.
You are partially covered in rugged brown scales (AC +1, +3% HP).
You are agile. (Dex +2)
You tend to lose your temper in combat.
You can translocate small distances at will.
Your flesh is cold resistant.
Armour fits poorly on your strangely shaped body.
Your body often deteriorates upon taking damage.
You are dopey. (Int -2)
You are somewhat resistant to further mutation.
You are weak. (Str -2)


Message History

(V) Vaults (C) Crypt (W) Tomb (U) Depths (H) Hell (Z) Zot
Where to? (Enter - D:1, ? - help) You're already here!
(D) Dungeon (T) Temple (L) Lair (S) Swamp (N) Spider Nest (M) Slime Pits (O) Orcish Mines (E) Elven Halls (V) Vaults (C) Crypt (W) Tomb (U) Depths (H) Hell (Z) Zot
Where to? (Enter - D:1, ? - help)
Okay, then.
(D) Dungeon (T) Temple (L) Lair (S) Swamp (N) Spider Nest (M) Slime Pits (O) Orcish Mines (E) Elven Halls (V) Vaults (C) Crypt (W) Tomb (U) Depths (H) Hell (Z) Zot
Where to? (Enter - D:1, ? - help)
Okay, then.
You open the door.
There is an open door here.
There is a staircase leading out of the dungeon here.
You have escaped!

#.#.# #....##......#.....# ####
#.#.####.....).......#'####
...###.#...##..#'#.####.#.#....#
##...#.###.#..##.#.# #.#.####.#
...#.......#..##.#.## #.#.# #.#
...........#..##.#..###.#.# #.#
.......#......##.##.....#.# #.#
..#######.#####..s#####.#.####.##
..# #.'.....@.....'.......... ..#
#.##.........##.#.#.##.## ..#
#.###.......###.#....#.## ### #.#
##.....## #.#....#... #### #.#
##...## #.#....#### ...# #)#
##.## #..........
...######'################....###
...#..................####....#..
...#....................###.#.#.#


You could see a demonic crawler.

Vanquished Creatures
  3 ancient liches
  Mara (Crypt:3)
  6 orbs of fire (Zot:5)
  2 juggernauts (Depths:4)
  Boris (Crypt:3)
  A curse toe (Zot:3)
  3 Killer Klowns (Zot:5)
  Saint Roka (Orc:2)
  14 golden dragons
  Xtahua (Crypt:2)
  4 electric golems
  7 liches
  20 tentacled monstrosities
  23 Orb Guardians
  3 deep elf blademasters
  A quicksilver dragon (Depths:2)
  2 deep elf master archers (Elf:3)
  2 titans
  A pandemonium lord (Depths:3)
  An acid blob (Slime:1)
  Gastronok (Orc:1)
  6 death cobs
  3 ancient champions
  4 sphinxes
  6 tengu reavers
  3 thorn hunters
  8 shadow dragons
  15 storm dragons
  A revenant (Crypt:1)
  5 draconian monks
  6 frost giants
  7 fire giants
  Wiglaf (Vaults:4)
  6 deep elf sorcerers
  Aizul (Vaults:4)
  2 draconian knights
  2 iron dragons (Depths:4)
  4 draconian zealots
  A balrug (Depths:2)
  Maud (Orc:1)
  7 draconian scorchers
  5 ghost moths
  6 ghouls (Crypt:3)
  20 vault wardens
  2 draconian annihilators
  4 draconian shifters
  2 curse skulls (Crypt:3)
  2 deep elf elementalists (Elf:3)
  6 emperor scorpions
  An orc warlord (Depths:3)
  2 draconian callers
  26 stone giants
  18 ironheart preservers
  17 very ugly things
  3 war gargoyles
  3 reapers
  17 vampire knights
  15 black draconians
  10 deep elf demonologists
  7 yellow draconians
  9 deep elf annihilators (Elf:3)
  A caustic shrike skeleton (Crypt:2)
  10 green draconians
  7 spark wasps
  4 salamander stormcallers
  10 mottled draconians
  9 red draconians
  10 purple draconians
  Azrael (Spider:1)
  6 white draconians
  A lorocyproca (Depths:3)
  5 eidola
  2 merfolk javelineers
  8 ettins
  A green death (Depths:3)
  5 deep elf death magi
  A blizzard demon (Depths:2)
  A minotaur (shapeshifter) (Vaults:1)
  38 vault guards
  13 jiangshi
  7 deep elf high priests
  Josephine (Lair:7)
  11 yaktaur captains
  11 entropy weavers
  A merfolk impaler (Depths:5)
  20 fire dragons
  2 rakshasas
  8 great orbs of eyes
  15 ogre magi
  A ghost crab (Swamp:2)
  4 spriggan air magi
  3 catoblepae
  19 hydras
  19 ice dragons
  The ghost of DrakieV the Grappler, a novice TrMo of Cheibriados (D:10)
  6 death knights
  11 centaur warriors
  7 alligators
  34 dancing weapons
  11 death yaks
  16 deep troll shamans
  21 tengu warriors
  9 vampire magi
  Urug (Orc:1)
  18 deep troll earth magi
  4 orc high priests
  7 soul eaters
  18 spriggan berserkers
  A hell knight (Depths:4)
  An iron giant zombie (Crypt:1)
  18 deep elf knights
  3 sun demons
  5 shadow wraiths
  40 skeletal warriors
  59 deep trolls
  7 iron trolls
  A salamander mystic (Vaults:4)
  3 spark wasp zombies (Depths:2)
  9 flayed ghosts
  7 unseen horrors
  A golden dragon zombie (Depths:2)
  5 anaconda zombies
  A giant orange brain (shapeshifter) (Depths:2)
  A golden dragon skeleton (Depths:2)
  2 spriggan druids
  A death drake (shapeshifter) (Vaults:2)
  15 deep elf archers
  6 giant orange brains
  A putrid demonspawn (Depths:3)
  A swamp dragon (shapeshifter) (Depths:3)
  A wizard (Depths:1)
  2 sphinx zombies (Depths:2)
  A shadow dragon zombie (Depths:2)
  2 shambling mangroves
  6 swamp dragons
  4 necromancers
  26 orc knights
  18 ironbrand convokers
  21 hill giants
  21 phantasmal warriors
  2 frost giant zombies (Crypt:3)
  11 griffons
  A tengu skeleton (Depths:2)
  3 iron dragon zombies
  A fire giant zombie (Crypt:3)
  2 stone giant zombies
  5 orc sorcerers
  31 wolf spiders
  61 deep elf magi
  37 ugly things
  28 orb spiders
  11 hornets
  25 moths of wrath
  A mana viper (shapeshifter) (Depths:3)
  10 cyclopes
  A wolf spider zombie (Crypt:3)
  A sixfirhy (Depths:3)
  3 salamanders (Vaults:4)
  3 manticores
  An octopode (shapeshifter) (Depths:4)
  An iron dragon skeleton (Crypt:1)
  17 elephants
  8 rust devils
  6 black mambas
  An eye of devastation (shapeshifter) (Depths:4)
  A fire giant skeleton (Crypt:1)
  Maurice (D:11)
  13 vault sentinels
  2 shock serpent zombies (Crypt:3)
  A torpor snail (Lair:6)
  33 spiny frogs
  A smoke demon (Depths:3)
  A gargoyle (D:14)
  68 yaktaurs
  6 rime drakes
  A white draconian zombie (Crypt:1)
  11 komodo dragons
  2 kobold demonologists
  A spriggan zombie (Depths:2)
  7 demonic crawlers
  An efreet (Depths:1)
  2 yaktaurs (shapeshifter)
  A golden dragon simulacrum (Depths:2)
  9 tengu conjurers
  A yellow draconian skeleton (Crypt:3)
  16 freezing wraiths
  4 ice devils
  A hellwing (Zot:4)
  A black draconian skeleton (Crypt:2)
  A hydra zombie (Crypt:3)
  A queen bee (shapeshifter) (Vaults:4)
  A harpy zombie (Crypt:3)
  A troll (shapeshifter) (Depths:3)
  34 jumping spiders
  5 red devils
  8 trolls
  Grinder (D:5)
  6 boulder beetles
  4 polar bears
  A polar bear (shapeshifter) (Vaults:4)
  A boulder beetle (shapeshifter) (Depths:2)
  A tengu simulacrum (Depths:2)
  35 two-headed ogres
  A wind drake (shapeshifter) (Depths:1)
  35 slime creatures
  Prince Ribbit (D:6)
  10 giant leeches
  9 bog bodies
  23 blink frogs
  A frost giant simulacrum (Depths:2)
  2 large abominations
  An alligator zombie (Crypt:3)
  11 spriggans
  3 flying skulls
  18 water elementals
  113 redbacks
  72 yaks
  A satyr skeleton (Crypt:2)
  6 air elementals
  12 shadows
  45 tarantellas
  6 fire elementals
  A tarantella (shapeshifter) (Elf:1)
  17 wraiths
  3 wyverns
  Grum (D:9)
  A griffon skeleton (Crypt:3)
  A ynoxinul (Depths:5)
  14 hippogriffs
  3 basilisks (Lair:3)
  A hungry ghost (D:12)
  Eustachio (D:4)
  2 chaos spawn (Depths:3)
  A glowing shapeshifter zombie (Crypt:3)
  2 hippogriffs (shapeshifter)
  Menkaure (D:5)
  A mottled dragon (D:15)
  A torturous demonspawn zombie (Crypt:1)
  31 wargs
  4 insubstantial wisps (Swamp:4)
  54 vampire mosquitoes
  A soldier ant (shapeshifter) (Depths:4)
  A faun zombie (Crypt:2)
  17 water moccasins
  8 hell hounds
  A soldier ant (D:11)
  22 swamp worms
  A hell hound (shapeshifter) (Vaults:3)
  22 porcupines
  A merfolk skeleton (Crypt:1)
  2 gelid demonspawn skeletons
  Purgy (D:4)
  4 eyes of draining
  Duvessa (D:4)
  A human skeleton (Depths:2)
  69 orc warriors
  9 swamp drakes
  7 sky beasts
  3 black bears
  2 necrophages
  A spriggan simulacrum (Depths:2)
  9 ice beasts
  4 phantoms
  15 wasps
  A blink frog zombie (Crypt:2)
  18 wolves
  12 centaurs
  15 boggarts
  53 ogres
  A wolf (shapeshifter) (Vaults:4)
  An anubis guard skeleton (Crypt:3)
  17 crocodiles
  7 big kobolds
  39 giant frogs
  A wyvern zombie (D:10)
  A small abomination (Depths:3)
  5 earth elementals
  3 wyvern skeletons
  A gnoll sergeant (Orc:1)
  A hell hound skeleton (Crypt:1)
  Dowan (D:4)
  A polar bear zombie (Crypt:3)
  10 scorpions
  17 killer bees
  A raiju skeleton (Crypt:3)
  6 wights
  10 howler monkeys
  5 electric eels
  16 crimson imps
  A quasit (D:9)
  3 centaur zombies
  8 hounds
  23 orc priests
  2 jellies
  35 orc wizards
  6 centaur skeletons
  2 giant frog skeletons
  An iron imp (D:13)
  A black bear skeleton (Crypt:2)
  18 iguanas
  A hell rat (Depths:3)
  9 worker ants
  21 sheep
  An ogre zombie (Crypt:3)
  A hound zombie (D:10)
  A hound skeleton (D:6)
  A worker ant zombie (D:5)
  A howler monkey zombie (D:8)
  17 adders
  8 gnolls
  78 river rats
  5 shadow imps
  A white imp (Zot:4)
  An ooze (D:4)
  A lava snake zombie (Crypt:1)
  A sheep zombie (Crypt:1)
  3 worms
  2 dart slugs (D:3)
  9 giant geckos
  120 orcs
  A ball python (D:3)
  7 giant cockroaches
  9 goblins
  6 hobgoblins
  17 jackals
  26 kobolds
  5 quokkas
  7 bats
  A giant gecko skeleton (D:8)
  12 giant newts
  A quokka skeleton (D:6)
  A quokka zombie (D:5)
  9 rats
  A briar patch (Swamp:3)
  4 crawling corpses
  A fire vortex (Depths:2)
  A fungus (Lair:8)
  A lost soul (Crypt:3)
3074 creatures vanquished.

Vanquished Creatures (others)
  Norris (Elf:3)
  A Killer Klown (Zot:5)
  A ghost moth (Spider:4)
  A deep elf elementalist (Elf:3)
  A merfolk impaler (Depths:1)
  A deep elf high priest (Vaults:4)
  2 alligators (Swamp:4)
  A deep elf knight (Vaults:5)
  2 wolf spiders
  An iron dragon skeleton (Depths:2)
  A water nymph (shapeshifter) (Depths:2)
  A freezing wraith (Depths:2)
  A tarantella (Spider:3)
  A redback (Spider:3)
  A spriggan simulacrum (Depths:2)
  2 boggarts
  A centaur (Vaults:1)
  A jelly (shapeshifter) (Depths:2)
  An orc wizard (Depths:3)
  A ball lightning (Zot:5)
  An orc (Orc:1)
  A briar patch (Swamp:4)
  2 crawling corpses (Vaults:5)
  A fire vortex (Vaults:5)
  5 fungi
  7 lost souls
  13 plants
  7 withered plants (Crypt:3)
60 creatures vanquished.

Grand Total: 3134 creatures vanquished

Notes
Turn   | Place    | Note
--------------------------------------------------------------
     0 | D:1      | Christof the Minotaur Fighter began the quest for the Orb.
     0 | D:1      | Reached XP level 1. HP: 19/19 MP: 0/0
   367 | D:1      | Reached XP level 2. HP: 26/27 MP: 1/1
   908 | D:2      | Found a stormy altar of Qazlal.
   941 | D:1      | Reached XP level 3. HP: 17/33 MP: 2/2
  1638 | D:2      | Reached XP level 4. HP: 40/40 MP: 3/3
  1745 | D:2      | Found Zin's Purification Station.
  1747 | D:2      | Found a glowing silver altar of Zin.
  1759 | D:2      | Reached skill level 5 in Armour
  2408 | D:3      | Found a snail-covered altar of Cheibriados.
  2784 | D:3      | Found an iron altar of Okawaru.
  2791 | D:3      | Became a worshipper of Warmaster Okawaru
  2943 | D:3      | Reached XP level 5. HP: 46/46 MP: 4/4
  3296 | D:4      | Noticed Purgy
  3304 | D:4      | Killed Purgy
  3314 | D:4      | Reached XP level 6. HP: 23/52 MP: 5/5
  3449 | D:4      | Found Luciugur's Distillery.
  3579 | D:4      | Noticed Dowan
  3580 | D:4      | Noticed Duvessa
  3589 | D:4      | Killed Dowan
  3589 | D:4      | Reached skill level 5 in Shields
  3607 | D:4      | Found a sparkling altar of Nemelex Xobeh.
  3621 | D:4      | Killed Duvessa
  3896 | D:4      | Reached XP level 7. HP: 51/60 MP: 6/6
  3961 | D:4      | Found Keirann's Jewellery Emporium.
  4049 | D:4      | Reached * piety under Okawaru
  4166 | D:4      | Found Gubolist's Distillery.
  4182 | D:4      | Found Lyelel's Food Boutique.
  4186 | D:4      | Noticed Eustachio
  4224 | D:4      | Killed Eustachio
  4405 | D:4      | Found Pisigeh's Book Shoppe.
  4504 | D:4      | Found an ancient bone altar of Kikubaaqudgha.
  4548 | D:5      | Entered Level 5 of the Dungeon
  4548 | D:5      | Noticed Grinder
  4551 | D:5      | Paralysed by Grinder for 7 turns
  4570 | D:5      | Paralysed by Grinder for 2 turns
  4572 | D:5      | Killed Grinder
  4572 | D:5      | Reached skill level 5 in Fighting
  4572 | D:5      | Reached skill level 5 in Maces & Flails
  4652 | D:5      | Reached XP level 8. HP: 60/68 MP: 7/7
  4669 | D:5      | Reached ** piety under Okawaru
  4745 | D:5      | Found Bar Pak's Book Emporium.
  5030 | D:5      | Noticed Menkaure
  5039 | D:5      | Killed Menkaure
  5707 | D:6      | Found a glowing golden altar of the Shining One.
  5707 | D:6      | Noticed Prince Ribbit
  5721 | D:6      | Killed Prince Ribbit
  5759 | D:6      | Found a shattered altar of Ashenzari.
  5842 | D:6      | Found a sparkling altar of Nemelex Xobeh.
  5888 | D:6      | Found Henoasal's General Store.
  6037 | D:6      | Reached XP level 9. HP: 70/75 MP: 8/8
  6590 | D:7      | Reached *** piety under Okawaru
  6675 | D:7      | Reached skill level 10 in Armour
  6905 | D:7      | Found a staircase to the Ecumenical Temple.
  6910 | Temple   | Entered the Ecumenical Temple
  7418 | D:8      | Found a sacrificial altar of Ru.
  7725 | D:8      | Reached **** piety under Okawaru
  7894 | D:8      | Found a white marble altar of Elyvilon.
  7959 | D:8      | Reached skill level 10 in Maces & Flails
  7968 | D:8      | Reached XP level 10. HP: 84/84 MP: 9/9
  8365 | D:9      | Found a burning altar of Makhleb.
  8525 | D:9      | Noticed Grum
  8563 | D:9      | Killed Grum
  8853 | D:9      | Reached skill level 10 in Shields
  9095 | D:9      | Found a bloodstained altar of Trog.
  9417 | D:9      | Reached ***** piety under Okawaru
  9426 | D:9      | Found Nunaen's Antique Armour Shop.
  9653 | D:9      | Noticed a three-headed hydra
  9666 | D:9      | Killed a three-headed hydra
  9666 | D:9      | Reached XP level 11. HP: 66/95 MP: 10/10
 10105 | D:9      | Gained mutation: You evolve. [potion of mutation]
 10105 | D:9      | Gained mutation: You have large cloven feet. [potion of mutation]
 10105 | D:9      | Gained mutation: You can translocate small distances at will. [potion of mutation]
 10106 | D:9      | Gained mutation: You are agile. (Dex +2) [potion of beneficial mutation]
 10107 | D:9      | Gained mutation: Your spells are a little harder to cast, but a little more powerful. [potion of beneficial mutation]
 10149 | D:10     | Entered Level 10 of the Dungeon
 10282 | D:10     | Found Woatwaat's Gadget Emporium.
 10329 | D:10     | Killed an unseen horror
 10484 | D:10     | Killed an unseen horror
 10484 | D:10     | Received a gift from Okawaru
 10487 | D:10     | Got a faintly humming plate armour {god gift}
 10498 | D:10     | Identified the +0 plate armour "Xuesyakh" {rF+ MP+9 Dex+3} (Okawaru gifted it to you on level 10 of the Dungeon)
 10654 | D:10     | Gained mutation: You have an increased reservoir of magic (+10% MP). [evolution]
 10756 | D:10     | Noticed a hill giant
 10771 | D:9      | Killed a hill giant
 11134 | D:10     | Noticed a hill giant
 11145 | D:10     | Killed a hill giant
 11668 | D:10     | Found a staircase to the Orcish Mines.
 11673 | Orc:1    | Entered Level 1 of the Orcish Mines
 11673 | Orc:1    | Found a roughly hewn altar of Beogh.
 11845 | D:10     | Noticed DrakieV's ghost (novice TrMo)
 11860 | D:10     | Killed DrakieV's ghost
 12478 | D:9      | Reached XP level 12. HP: 105/105 MP: 12/12
 12771 | D:10     | Reached skill level 1 in Evocations
 12931 | D:11     | Found a staircase to the Lair.
 12996 | D:11     | Received a gift from Okawaru
 13004 | D:11     | Reached skill level 10 in Fighting
 13055 | Lair:1   | Entered Level 1 of the Lair of Beasts
 13134 | Lair:1   | Reached skill level 1 in Invocations
 13277 | Lair:1   | Noticed an eight-headed hydra
 13286 | Lair:1   | Killed an eight-headed hydra
 13448 | Lair:1   | Noticed a catoblepas
 13475 | Lair:1   | Killed a catoblepas
 13717 | Lair:1   | Reached skill level 15 in Maces & Flails
 13741 | Lair:1   | Gained mutation: Your flesh is cold resistant. [evolution]
 14099 | Lair:1   | Noticed an eight-headed hydra
 14110 | Lair:1   | Killed an eight-headed hydra
 14693 | D:11     | Noticed Maurice
 14701 | D:11     | Killed Maurice
 14701 | D:11     | Reached ****** piety under Okawaru
 14857 | D:11     | Found Xuiwisua's Book Shoppe.
 15344 | D:11     | Reached XP level 13. HP: 106/114 MP: 16/16
 15384 | D:11     | Gained mutation: Your mind is acute. (Int +2) [evolution]
 15428 | D:11     | Received a gift from Okawaru
 16703 | D:12     | Found Lainkil's Assorted Antiques.
 16711 | D:12     | Bought a glowing flail for 94 gold pieces
 16711 | D:12     | Bought a scroll of enchant armour for 202 gold pieces
 16711 | D:12     | Bought a scroll of remove curse for 81 gold pieces
 16849 | D:12     | Found a portal to a secret trove of treasure.
 17627 | Lair:2   | Received a gift from Okawaru
 18164 | Lair:3   | Received a gift from Okawaru
 18580 | Lair:3   | Got a fine plate armour
 18591 | Lair:3   | Identified the +3 plate armour of the Tundras {rPois rF+ rC+ Str-2} (You found it on level 3 of the Lair of Beasts)
 18622 | Lair:3   | Found a staircase to the Swamp.
 19151 | Lair:3   | Identified a scroll of acquirement
 19154 | Lair:3   | Got a twisted scale mail
 19266 | Lair:1   | Identified the +0 scale mail "Fapne" {+Inv rPois rC- rCorr} (You acquired it on level 3 of the Lair of Beasts)
 19427 | Swamp:1  | Entered Level 1 of the Swamp
 19856 | Lair:4   | Received a gift from Okawaru
 20281 | Lair:5   | Reached skill level 5 in Invocations
 20576 | Lair:5   | Found a hole to the Spider Nest.
 20586 | Spider:1 | Entered Level 1 of the Spider Nest
 20667 | Lair:5   | Found a dark tunnel.
 20802 | Lair:5   | Reached XP level 14. HP: 119/126 MP: 18/18
 22155 | Lair:7   | Reached skill level 15 in Shields
 22165 | Lair:7   | Received a gift from Okawaru
 22395 | Lair:7   | Found a staircase to the Slime Pits.
 22405 | Slime:1  | Entered Level 1 of the Pits of Slime
 22633 | Lair:7   | Gained mutation: You are partially covered in rugged brown scales (AC +1, +3% HP). [evolution]
 22784 | Lair:7   | Noticed Josephine
 22792 | Lair:7   | Killed Josephine
 22982 | Lair:7   | Received a gift from Okawaru
 23198 | Lair:8   | Entered Level 8 of the Lair of Beasts
 23904 | Lair:8   | Received a gift from Okawaru
 23979 | Lair:8   | Found a shimmering altar of Xom.
 23985 | Lair:8   | Reached XP level 15. HP: 140/140 MP: 20/20
 24925 | Orc:1    | Noticed Gastronok
 24937 | Orc:1    | Killed Gastronok
 25024 | Orc:1    | Found Ypnop's Jewellery Boutique.
 25027 | Orc:1    | Noticed Maud
 25039 | Orc:1    | Killed Maud
 25073 | Orc:1    | Bought the ring "Zesure" {rCorr rF+ rC+ MR+ Stlth-} for 497 gold pieces
 25073 | Orc:1    | Bought an uncursed amulet of regeneration for 330 gold pieces
 25442 | Orc:1    | Noticed Urug
 25465 | Orc:1    | Killed Urug
 25714 | Orc:2    | Entered Level 2 of the Orcish Mines
 25847 | Orc:2    | Found a roughly hewn altar of Beogh.
 26178 | Orc:2    | Found a staircase to the Elven Halls.
 26184 | Elf:1    | Entered Level 1 of the Elven Halls
 26580 | Orc:2    | Found a roughly hewn altar of Beogh.
 26581 | Orc:2    | Noticed Saint Roka
 26990 | Orc:2    | Killed Saint Roka
 26990 | Orc:2    | Received a gift from Okawaru
 27224 | Orc:2    | Lost mutation: Your mind is acute. (Int +2) [evolution]
 27507 | Orc:2    | Found Toixyfroeb's Antique Weapon Shoppe.
 27538 | Orc:2    | Found Biemno Iriji's Antique Armour Shoppe.
 27544 | Orc:2    | Bought a runed cloak for 139 gold pieces
 27544 | Orc:2    | Bought a pair of glowing gloves for 139 gold pieces
 27553 | Orc:2    | Found Olairr's General Store.
 27569 | Orc:2    | Found Toudib's Book Shoppe.
 28174 | D:12     | Reached skill level 1 in Throwing
 28379 | D:13     | Received a gift from Okawaru
 28890 | D:13     | Reached XP level 16. HP: 150/150 MP: 23/23
 29115 | D:13     | Received a gift from Okawaru
 30191 | D:14     | Found a gate to the Vaults.
 30381 | D:15     | Entered Level 15 of the Dungeon
 30920 | D:15     | Found a staircase to the Depths.
 30931 | Depths:1 | Entered Level 1 of the Depths
 30982 | D:15     | Received a gift from Okawaru
 31185 | D:15     | Found Wekleonn's Magic Scroll Emporium.
 31219 | D:15     | Bought a scroll of enchant weapon for 135 gold pieces
 31610 | Lair:1   | Upgraded the game from 0.18.1-2-ga659475 to 0.18.1-5-g4a78601
 33117 | D:4      | Bought the amulet "Badwor" {Faith rPois rN+ Stlth-} for 540 gold pieces
 33999 | Swamp:1  | Received a gift from Okawaru
 34014 | Swamp:1  | Got a heavily runed troll leather armour {god gift}
 34380 | Swamp:1  | Reached skill level 15 in Fighting
 35018 | Swamp:2  | Reached XP level 17. HP: 137/160 MP: 25/25
 35666 | Swamp:2  | Gained mutation: You have a pair of large horns on your head. [evolution]
 35958 | Swamp:3  | Found a white marble altar of Elyvilon.
 36307 | Swamp:4  | Entered Level 4 of the Swamp
 36383 | Swamp:4  | Reached skill level 5 in Throwing
 36473 | Swamp:4  | Identified Qyonyrae's Papyrus of Congealing Changing (You found it on level 4 of the Swamp)
 36554 | Swamp:4  | Received a gift from Okawaru
 37311 | Swamp:4  | Got a decaying rune of Zot
 37404 | Swamp:4  | Lost mutation: Your spells are a little harder to cast, but a little more powerful. [evolution]
 38036 | Spider:1 | Received a gift from Okawaru
 38039 | Spider:1 | Got an ichor-stained morningstar {god gift}
 38040 | Spider:1 | Identified the +4 morningstar of Izamatwu {pain, Dex+2} (Okawaru gifted it to you on level 1 of the Spider Nest)
 39446 | Spider:1 | Noticed Azrael
 39451 | Spider:1 | Killed Azrael
 39744 | Spider:1 | Received a gift from Okawaru
 40229 | Spider:2 | Received a gift from Okawaru
 40733 | Spider:2 | Reached XP level 18. HP: 170/170 MP: 26/26
 41091 | Spider:2 | Received a gift from Okawaru
 41539 | Spider:2 | Received a gift from Okawaru
 41539 | Spider:2 | Reached skill level 10 in Invocations
 41540 | Spider:2 | Got a pitted plate armour {god gift}
 41551 | Spider:2 | Identified the +6 plate armour of Indemnity {+Inv rPois MR- Str+4} (Okawaru gifted it to you on level 2 of the Spider Nest)
 42661 | Spider:4 | Entered Level 4 of the Spider Nest
 43486 | Spider:4 | Received a gift from Okawaru
 43888 | Spider:4 | Got a gossamer rune of Zot
 44561 | Vaults:1 | Entered Level 1 of the Vaults
 44981 | Vaults:1 | Reached XP level 19. HP: 179/179 MP: 28/28
 45097 | Vaults:1 | Received a gift from Okawaru
 45108 | Vaults:1 | Reached skill level 15 in Armour
 45943 | D:15     | Received a gift from Okawaru
 46580 | Depths:1 | Found a one-way gate to the infinite horrors of the Abyss.
 46593 | Depths:1 | Found a gateway to Hell.
 46763 | Hell     | Entered the Vestibule of Hell
 46763 | Hell     | Noticed Geryon
 47408 | Depths:1 | Received a gift from Okawaru
 47417 | Depths:1 | Received a gift from Okawaru
 47428 | Depths:1 | Got a shimmering cloak {god gift}
 47474 | Depths:1 | Identified the +2 cloak of a labyrinth {MR+} (Okawaru gifted it to you on level 1 of the Depths)
 48525 | Depths:2 | Lost mutation: You have a pair of large horns on your head. [evolution]
 48525 | Depths:2 | Lost mutation: You evolve. [end of evolution]
 49382 | Depths:2 | Reached XP level 20. HP: 163/192 MP: 29/29
 49388 | Depths:2 | Received a gift from Okawaru
 49429 | Depths:2 | Got a jewelled shield {god gift}
 49651 | Depths:2 | Identified the +1 shield "Qygreimn" {rPois} (Okawaru gifted it to you on level 2 of the Depths)
 49715 | Depths:2 | Noticed a golden dragon
 50143 | D:4      | Bought the ring of Contentment {Ice rElec rN+ SInv Stlth-} for 460 gold pieces
 50143 | D:4      | Bought the ring "Ifetauz" {Wiz Slay+5 Stlth-} for 566 gold pieces
 50198 | D:4      | Bought a potion of curing for 30 gold pieces
 50198 | D:4      | Bought a potion of haste for 100 gold pieces
 50198 | D:4      | Bought a potion of heal wounds for 50 gold pieces
 50198 | D:4      | Bought a potion of heal wounds for 50 gold pieces
 50198 | D:4      | Bought a potion of might for 40 gold pieces
 50826 | Depths:2 | Noticed a golden dragon
 50857 | Depths:1 | Killed a golden dragon
 51526 | Depths:2 | Found a bloodstained altar of Trog.
 52228 | Depths:2 | Received a gift from Okawaru
 52370 | Depths:2 | Found a radiant altar of Vehumet.
 52559 | Depths:2 | Found a shadowy altar of Dithmenos.
 52664 | Depths:2 | Killed a golden dragon
 53205 | Depths:2 | Found a white marble altar of Elyvilon.
 53313 | Depths:2 | Received a gift from Okawaru
 53596 | Depths:2 | Reached skill level 1 in Dodging
 54014 | Depths:3 | Found a one-way gate leading to the halls of Pandemonium.
 54175 | Depths:3 | Reached XP level 21. HP: 186/201 MP: 30/30
 54321 | Depths:3 | Found a roughly hewn altar of Beogh.
 54426 | Depths:3 | Received a gift from Okawaru
 54991 | Depths:3 | Found a runed gate.
 54991 | Depths:3 | Found a runed gate.
 54991 | Depths:3 | Found a runed gate.
 55210 | Depths:3 | Received a gift from Okawaru
 55565 | Depths:3 | Received a gift from Okawaru
 56020 | Depths:3 | Got a polished dire flail
 56055 | Depths:4 | Found Mamunt's General Store.
 56236 | Depths:4 | Received a gift from Okawaru
 56814 | Depths:4 | Received a gift from Okawaru
 57053 | Depths:4 | Noticed a juggernaut
 57077 | Depths:4 | Received a gift from Okawaru
 57088 | Depths:4 | Killed a juggernaut
 57753 | Depths:4 | Got a smelly plate armour
 57961 | Depths:4 | Noticed a juggernaut
 57979 | Depths:4 | Killed a juggernaut
 57979 | Depths:4 | Received a gift from Okawaru
 57990 | Depths:4 | Reached skill level 5 in Dodging
 58043 | Depths:5 | Entered Level 5 of the Depths
 58120 | Depths:5 | Noticed a golden dragon
 58203 | Depths:5 | Killed a golden dragon
 58269 | Depths:4 | Reached XP level 22. HP: 215/215 MP: 31/31
 58346 | Depths:5 | Found a gateway to a ziggurat.
 58785 | Depths:5 | Noticed a golden dragon
 58797 | Depths:5 | Killed a golden dragon
 59295 | Depths:5 | Received a gift from Okawaru
 59298 | Depths:5 | Got a polished plate armour {god gift}
 59596 | Depths:5 | Found a gate to the Realm of Zot.
 60151 | Lair:1   | Identified the +2 plate armour "Bimuly" {rPois rF+ Dex-4} (You found it on level 4 of the Depths)
 60161 | Lair:1   | Identified the +2 plate armour of Omission {MR+} (Okawaru gifted it to you on level 5 of the Depths)
 61250 | Vaults:2 | Found Gozag's Assorted Antiques.
 61331 | Vaults:2 | Received a gift from Okawaru
 61350 | Vaults:2 | Found an opulent altar of Gozag.
 61547 | Vaults:2 | Found Gozag's Antique Weapon Emporium.
 61550 | Vaults:2 | Bought a potion of curing for 300 gold pieces
 61555 | Vaults:2 | Found Gozag's Assorted Antiques.
 61566 | Vaults:2 | Bought a potion of curing for 300 gold pieces
 61566 | Vaults:2 | Bought a potion of curing for 300 gold pieces
 61695 | Vaults:2 | Found Jalol's Antique Armour Shoppe.
 61739 | Vaults:2 | Bought a pair of embroidered boots for 162 gold pieces
 61739 | Vaults:2 | Bought a pair of runed boots for 162 gold pieces
 61749 | Vaults:2 | Identified a +2 pair of boots of running (You bought it in a shop on level 2 of the Vaults)
 62507 | Vaults:2 | Received a gift from Okawaru
 62652 | Vaults:2 | Found a staircase to the Crypt.
 62658 | Crypt:1  | Entered Level 1 of the Crypt
 63237 | Vaults:3 | Reached XP level 23. HP: 213/225 MP: 32/32
 64456 | Vaults:4 | Received a gift from Okawaru
 64817 | Vaults:4 | Identified the Disquisition on Changing and Necromancy
 64832 | Vaults:4 | Found Dohor's Book Boutique.
 64860 | Vaults:4 | Noticed Aizul
 64869 | Vaults:4 | Killed Aizul
 64909 | Vaults:4 | Noticed Wiglaf
 64916 | Vaults:4 | Killed Wiglaf
 65419 | Vaults:4 | Received a gift from Okawaru
 65466 | Vaults:4 | Found Ustrar's Armour Emporium.
 65471 | Vaults:4 | Found Yniguph's Antique Weapon Boutique.
 65705 | Vaults:4 | Received a gift from Okawaru
 65993 | Vaults:5 | Entered Level 5 of the Vaults
 66252 | Vaults:4 | Reached skill level 10 in Dodging
 66538 | Vaults:4 | Received a gift from Okawaru
 66550 | Vaults:4 | Reached XP level 24. HP: 127/236 MP: 32/32
 66778 | Vaults:4 | Got an ancient mace {god gift}
 67607 | Vaults:4 | Received a gift from Okawaru
 69041 | Vaults:5 | Got a pair of ancient gloves
 69052 | Vaults:5 | Identified the cursed +0 pair of gloves "Ryilo" {rF+ rN+} (You found it on level 5 of the Vaults)
 69312 | Vaults:5 | Received a gift from Okawaru
 69488 | Vaults:5 | Got a silver rune of Zot
 69777 | Lair:1   | Identified the +0 mace "Wosish" {drain, +Blink rC++ MR+ SInv} (Okawaru gifted it to you on level 4 of the Vaults)
 71079 | Elf:2    | Found a flickering gateway to a bazaar.
 71348 | Elf:2    | Found a huge runed gate.
 71348 | Elf:2    | Found a huge runed gate.
 71348 | Elf:2    | Found a huge runed gate.
 71720 | Elf:2    | Received a gift from Okawaru
 71828 | Elf:2    | Reached XP level 25. HP: 250/250 MP: 32/32
 73969 | Crypt:2  | Noticed Xtahua
 73978 | Crypt:2  | Killed Xtahua
 73986 | Crypt:2  | Killed the ghostly Xtahua
 74328 | Crypt:3  | Entered Level 3 of the Crypt
 74387 | Crypt:3  | Reached skill level 27 in Shields
 74397 | Crypt:3  | Received a gift from Okawaru
 74905 | Crypt:3  | Noticed Boris
 74915 | Crypt:3  | Killed Boris
 74915 | Crypt:3  | Received a gift from Okawaru
 74967 | Crypt:3  | Got a distressingly furry plate armour {god gift}
 75010 | Crypt:3  | Found a basalt altar of Yredelemnul.
 75247 | Crypt:3  | Got a twitching crystal amulet
 75293 | Crypt:3  | Got a crude glass ring
 75410 | Crypt:3  | Got a sparkling jade ring
 75713 | Crypt:3  | Noticed Mara
 75721 | Crypt:3  | Killed Mara
 75738 | Crypt:3  | Received a gift from Okawaru
 76578 | Crypt:3  | Found a staircase to the Tomb.
 76593 | Tomb:1   | Entered Level 1 of the Tomb of the Ancients
 76921 | Lair:1   | Identified the +1 plate armour "Caroin" {rPois rF- rC++ Stlth+} (Okawaru gifted it to you on level 3 of the Crypt)
 76922 | Lair:1   | Identified the amulet of Eddit {Regen+ Str+2 Dex+4} (You took it off a vampire mage on level 3 of the Crypt)
 76923 | Lair:1   | Identified the ring "Utom" {rN+ MP+9} (You took it off a skeletal warrior on level 3 of the Crypt)
 76924 | Lair:1   | Identified the ring of Deemniss {rF+ rN+} (You took it off a skeletal warrior on level 3 of the Crypt)
 77110 | Lair:7   | Reached XP level 26. HP: 263/263 MP: 32/32
 77498 | Elf:3    | Entered Level 3 of the Elven Halls
 77783 | Elf:3    | Noticed Norris
 77799 | Elf:3    | Killed Norris
 77978 | Elf:3    | HP: 13/264 [deep elf annihilator/poison arrow (10)]
 80073 | Zot:1    | Entered Level 1 of the Realm of Zot
 80124 | Zot:1    | Received a gift from Okawaru
 81281 | Zot:1    | Received a gift from Okawaru
 82280 | Zot:2    | Reached skill level 15 in Dodging
 82455 | Zot:2    | Received a gift from Okawaru
 82971 | Zot:2    | Reached XP level 27. HP: 217/274 MP: 32/32
 83428 | Zot:2    | Received a gift from Okawaru
 83608 | Zot:3    | Reached skill level 27 in Fighting
 83890 | Zot:3    | Received a gift from Okawaru
 85476 | Zot:4    | Received a gift from Okawaru
 85581 | Zot:4    | Got a bound pewter ring
 86322 | Lair:1   | Identified the ring "Heh Ifi" {Fire Str+3 Dex+6 SInv Stlth+} (You found it on level 4 of the Realm of Zot)
 86667 | Zot:5    | Entered Level 5 of the Realm of Zot
 86781 | Zot:5    | Received a gift from Okawaru
 86785 | Zot:5    | Noticed an orb of fire
 86787 | Zot:5    | Noticed an orb of fire
 86795 | Zot:5    | Gained mutation: You tend to lose your temper in combat. [an orb of fire]
 86797 | Zot:5    | Lost mutation: You have an increased reservoir of magic (+10% MP). [an orb of fire]
 86802 | Zot:5    | Noticed an ancient lich
 86802 | Zot:5    | Gained mutation: You are weak. (Str -2) [an orb of fire]
 86802 | Zot:5    | Gained mutation: You are somewhat resistant to further mutation. [an orb of fire]
 86803 | Zot:5    | Gained mutation: Your body sometimes deteriorates upon taking damage. [an orb of fire]
 86804 | Zot:5    | Gained mutation: Your body often deteriorates upon taking damage. [an orb of fire]
 86817 | Zot:5    | Received a gift from Okawaru
 86830 | Zot:5    | Killed an orb of fire
 87568 | Zot:5    | Noticed an orb of fire
 87570 | Zot:5    | Gained mutation: Armour fits poorly on your strangely shaped body. [an orb of fire]
 87588 | Zot:5    | Killed an orb of fire
 87809 | Zot:5    | Noticed an ancient lich
 87820 | Zot:5    | Killed an ancient lich
 87942 | Zot:4    | Killed an ancient lich
 87977 | Zot:5    | Noticed an orb of fire
 87990 | Zot:5    | Killed an orb of fire
 88119 | Zot:5    | Noticed an ancient lich
 88134 | Zot:5    | Killed an ancient lich
 88225 | Zot:5    | Noticed an orb of fire
 88229 | Zot:5    | Noticed an orb of fire
 88239 | Zot:5    | Killed an orb of fire
 88252 | Zot:5    | Gained mutation: You are dopey. (Int -2) [an orb of fire]
 88253 | Zot:5    | Killed an orb of fire
 88265 | Zot:5    | Killed an orb of fire
 88832 | Zot:5    | Received a gift from Okawaru
 89022 | Zot:5    | Got the Orb of Zot
 89032 | Zot:5    | Noticed an orb of fire
 89039 | Zot:5    | Noticed an orb of fire
 89213 | Zot:4    | Noticed Akyung the pandemonium lord
 89363 | Depths:3 | Noticed Kokherer the pandemonium lord
 89379 | Depths:3 | Killed Kokherer the pandemonium lord
 89836 | D:$      | Escaped with the Orb!

Skill      XL: |  1  2  3  4  5  6  7  8  9 10 11 12 13 14 15 16 17 18 19 20 21 22 23 24 25 26 27 |
---------------+----------------------------------------------------------------------------------+-----
Armour         | 4 5 6 7 8 9 10 11 12 13 14 15 16 17 18 19 20 21 22 | 22.0
Maces & Flails | 3 4 5 7 10 12 14 15 16 17 18 19 20 21 22 23 24 25 26 | 26.0
Fighting       | 4 5 6 8 9 10 12 13 14 15 16 17 18 19 21 22 23 24 26 27 | 27.0
Shields        | 4 5 6 7 9 10 11 12 14 16 18 19 21 22 23 25 26 27 | 27.0
Evocations     | 1 2 |  2.6
Invocations    | 3 5 6 7 8 9 10 11 | 11.3
Throwing       | 2 4 6 7 |  7.0
Dodging        | 2 5 7 10 11 13 15 22 | 22.8

Action                   |  1- 3 |  4- 6 |  7- 9 | 10-12 | 13-15 | 16-18 | 19-21 | 22-24 | 25-27 || total
-------------------------+-------+-------+-------+-------+-------+-------+-------+-------+-------++-------
Melee: Flail             |   123 |    86 |       |       |       |   736 |       |       |       ||   945
       Headbutt          |    17 |    21 |    78 |   266 |   449 |   609 |   520 |   583 |   651 ||  3194
       Whip              |       |    76 |   360 |   828 |       |       |       |       |       ||  1264
       Kick              |       |       |       |   333 |   665 |       |       |       |       ||   998
       Morningstar       |       |       |       |   230 |  1741 |   756 |       |       |       ||  2727
       Eveningstar       |       |       |       |       |       |   728 |  1740 |  1947 |  2018 ||  6433
Invok: Heroism           |       |       |       |       |       |       |     2 |     3 |     1 ||     6
       Finesse           |       |       |       |       |       |       |     2 |     3 |     1 ||     6
Evoke: Wand              |       |       |       |     3 |       |     2 |       |     3 |       ||     8
  Use: Scroll            |       |    10 |     5 |     9 |    11 |    33 |    11 |     7 |    27 ||   113
       Potion            |       |       |       |     3 |     1 |     5 |     5 |     9 |     7 ||    30
 Stab: Distracted        |       |       |       |     1 |       |       |       |     2 |       ||     3
       Confused          |       |       |       |       |       |     2 |       |       |       ||     2
       Held in net/web   |       |       |       |       |       |     2 |       |       |       ||     2
  Eat: Chunk             |     2 |     8 |     9 |    23 |    45 |    34 |    35 |    34 |    22 ||   212
       Bread ration      |       |       |     1 |       |       |     1 |     1 |     2 |     5 ||    10
       Fruit             |       |       |       |     1 |       |    12 |     8 |       |     2 ||    23
       Meat ration       |       |       |       |       |       |     1 |       |       |     3 ||     4
Armor: Scale mail        |    15 |       |       |       |       |       |       |       |       ||    15
       Plate armour      |    96 |    61 |   140 |   285 |   184 |    37 |       |       |       ||   803
       Crystal plate arm |       |       |       |       |   135 |  1186 |   850 |   780 |   613 ||  3564
Dodge: Dodged            |    22 |    25 |    42 |   246 |   238 |   557 |   335 |   413 |   460 ||  2338
Block: Shield            |    85 |    79 |   132 |   451 |    20 |   193 |       |       |       ||   960
       Large shield      |       |       |       |       |  1379 |  2524 |  2261 |  2186 |  2006 || 10356
